 Dungeon Crawl Stone Soup version 0.27.1 (webtiles) character file.

Game seed: 9150312993983733956

108 Descartes the Shield-Bearer (level 4, 0/26 HPs)
             Began as a Tengu Wanderer on Aug 21, 2021.
             Succumbed to an adder's poison
             ... on level 1 of the Dungeon on Aug 22, 2021.
             The game lasted 00:08:09 (4010 turns).

Descartes the Shield-Bearer (Tengu Wanderer)        Turns: 4010, Time: 00:08:10

Health: 0/26       AC:  9    Str: 14    XL:     4   Next: 87%
Magic:  3/5        EV:  4    Int: 14    God:
Gold:   147        SH:  9    Dex: 11    Spells: 2/3 levels left

rFire    + . .     SeeInvis .   a - +0 club
rCold    . . .     Faith    .   e - +0 kite shield
rNeg     . . .     Spirit   .   o - +1 chain mail {rF+}
rPois    .         Reflect  .   (helmet restricted)
rElec    .         Harm     .   (no cloak)
rCorr    .         Rampage  .   (no gloves)
Will     .....                  (boots unavailable)
Stlth    ..........             (no amulet)
HPRegen  0.08/turn              l - ring of flight
MPRegen  0.09/turn              (no ring)

@: lethally poisoned (0 -> -3), flying, very slightly contaminated
A: beak, talons 3
a: no special abilities


You were on level 1 of the Dungeon.
You visited 1 branch of the dungeon, and saw 3 of its levels.

You collected 147 gold pieces.

Inventory:

Hand Weapons
 a - a +0 club (weapon)
 b - a +0 shortbow
Missiles
 c - 44 arrows
Armour
 d - a +0 robe
 e - a +0 kite shield (worn)
 o - a +1 chain mail of fire resistance (worn)
Jewellery
 l - a ring of flight (left hand)
Wands
 k - a wand of paralysis (9)
Scrolls
 g - a scroll of vulnerability {unknown}
 i - a scroll of blinking {unknown}
 j - a scroll of noise {unknown}
 m - a scroll of identify {unknown}
 n - a scroll of teleportation {unknown}
Potions
 f - a potion of resistance {unknown}
 h - 2 potions of lignification {unknown}


   Skills:
 - Level 2.0 Fighting
 - Level 1.1 Bows
 - Level 2.1 Armour
 * Level 4.1 Shields
 - Level 4.0 Conjurations
 + Level 2.4 Fire Magic


You had 2 spell levels left.
You knew the following spells:

 Your Spells              Type           Power      Damage    Failure   Level
a - Foxfire               Conj/Fire      36%        2x1d5     100%        1

Your spell library contained the following spells:

 Spells                   Type           Power      Damage    Failure   Level
 Summon Small Mammal      Summ           0%         N/A       100%        1
 Call Canine Familiar     Summ           0%         N/A       100%        3
 Inner Flame              Hex/Fire       3%         N/A       100%        3
 Summon Guardian Golem    Hex/Summ       0%         N/A       100%        3


Dungeon Overview and Level Annotations

Branches:
Dungeon (3/15)

Altars:


Innate Abilities, Weirdness & Mutations

You have a beak for a mouth.
You have claws for feet.


Message History

Casting: Foxfire (safe; 100% risk of failure)
Confirm with . or Enter, or press ? or * to list all spells.
You miscast Foxfire.
Nothing appears to happen.
The ball python bites you. The ball python grabs you.
The ball python constricts you.
* * * LOW HITPOINT WARNING * * *
The adder bites you but does no damage.
You escape the ball python's grasp.
The adder bites you but does no damage. The adder bites you but does no damage.
You block the adder's attack. The adder completely misses you.
Your magical contamination has completely faded away.
The adder bites you but does no damage. You block the adder's attack.
The adder bites you.
* * * LOW HITPOINT WARNING * * *
You are lethally poisoned!
The adder poisons you!
* * * LOW HITPOINT WARNING * * *
You feel sick.
* * * LOW HITPOINT WARNING * * *
You feel sick. The adder bites you but does no damage.
Casting: Foxfire (safe; 100% risk of failure)
Confirm with . or Enter, or press ? or * to list all spells.
You miscast Foxfire.
You are very lightly contaminated with residual magic.
Nothing appears to happen.
* * * LOW HITPOINT WARNING * * *
You feel sick. The adder bites you but does no damage.
The ball python bites you but does no damage.
The ball python grabs you. The ball python constricts you.
Casting: Foxfire (safe; 100% risk of failure)
Confirm with . or Enter, or press ? or * to list all spells.
You miscast Foxfire.
Nothing appears to happen.
* * * LOW HITPOINT WARNING * * *
You feel sick. The adder bites you but does no damage.
The ball python bites you but does no damage.
The ball python constricts you. You block the adder's attack.
You escape the ball python's grasp.
You die...

#.# #.# ##>..#.... #.# #.#
##......... #.# #.# ##..........
#># #.# #........... #####.#
###### #...######## ......#
##.##.##### #..######.# #####.#
#.)#......#######.....## ####.#
#.....#..##.≈≈....≈....# #....#
#.####.@.S≈.≈≈≈......#.. #.##.#
####...≈.S≈≈.≈≈≈≈.≈.###. #.##.#
#..#..≈≈≈≈≈≈.≈≈≈≈≈≈..## #.##.#
###..≈≈≈≈≈≈...≈≈≈≈≈≈.#. ##.##.#
##.##..≈≈≈..<..≈≈≈..### #...#.#
###.##.≈≈≈≈≈≈..≈≈≈≈≈...##
.###..###...#..≈≈≈.≈≈≈.≈≈≈≈......
.# #..##...##.≈...≈≈≈≈≈^≈....≈≈≈.
.###.###...#....##.≈≈≈≈≈.≈..≈≈≈..


You could see an adder and a ball python.

Vanquished Creatures
  5 adders
  A worm (D:2)
  2 dart slugs
  3 orcs (D:2)
  3 ball pythons
  2 endoplasms
  A giant cockroach (D:2)
  8 goblins
  4 hobgoblins
  3 quokkas (D:1)
  8 bats
  5 frilled lizards (D:2)
  3 kobolds (D:1)
  5 rats
53 creatures vanquished.

Vanquished Creatures (others)
  113 foxfires
113 creatures vanquished.

Grand Total: 166 creatures vanquished

Notes
Turn   | Place    | Note
-------+----------+-------------------------------------------
     0 | D:1      | Descartes the Tengu Wanderer began the quest for the Orb.
     0 | D:1      | Descartes set off with the following items: a +0 club, a +0
                  | shortbow, 25 arrows, a +0 robe, a +0 kite shield; and the
                  | following spell memorised: Foxfire; and the following
                  | spells available to memorise: Inner Flame
     0 | D:1      | Reached XP level 1. HP: 12/12 MP: 2/2
   336 | D:1      | Reached XP level 2. HP: 12/17 MP: 0/3
  1487 | D:1      | Reached XP level 3. HP: 16/21 MP: 1/4
  1824 | D:2      | Reached skill level 1 in Fire Magic
  2486 | D:2      | Reached XP level 4. HP: 8/26 MP: 0/5
  4009 | D:1      | HP: 1/26 [poisoned by an adder]
  4010 | D:1      | Succumbed to an adder's poison

Illustrated notes

Levels and vault maps discovered:
D:1:      dpeg_arrival_subterranean_lakeside_camping, layout_loops_ring
D:2:      layout_loops_cross
D:3:      layout_rooms, serial_shops, shop, grunt_decor_one_mirror

Skill      XL: |  1  2  3  4 |
---------------+-------------+-----
Shields        | 3 4 |  4.1
Fire Magic     | 1 2 |  2.4
Fighting       | |  2.0
Bows           | |  1.1
Armour         | |  2.1
Conjurations   | |  4.0

Action                   |  1- 3 |  4- 6 || total
-------------------------+-------+-------++-------
Melee: Club              |    56 |    35 ||    91
       Kick              |    11 |     9 ||    20
       Peck              |     3 |     8 ||    11
 Cast: Foxfire           |    31 |    42 ||    73
Armor: Robe              |    22 |     3 ||    25
       Chain mail        |       |    31 ||    31
Dodge: Dodged            |    35 |    30 ||    65
Block: Kite shield       |    49 |    53 ||   102
